 Dungeon Crawl Stone Soup version 0.26-a0-707-g31817bcca1 (webtiles) character file.

Game seed: 9717069517296442379

8558 marklar909 the Cleaver (level 11, -23/97 HPs)
             Began as a Hill Orc Monk on Oct 27, 2020.
             Was an Elder of Qazlal.
             Annihilated by a white ugly thing (26 damage)
             ... on level 11 of the Dungeon.
             The game lasted 00:25:23 (12149 turns).

marklar909 the Cleaver (Hill Orc Monk)             Turns: 12149, Time: 00:25:23

Health: -23/97     AC: 18    Str: 18    XL:     11   Next: 32%
Magic:  16/16      EV: 10    Int: 10    God:    Qazlal [****..]
Gold:   268        SH:  5    Dex: 13    Spells: 10/10 levels left

rFire    . . .     SeeInvis .   F - +1 broad axe
rCold    . . .     Faith    .   (no shield)
rNeg     . . .     Spirit   .   a - +0 chain mail
rPois    +         Reflect  .   (no helmet)
rElec    .         Harm     .   u - +1 cloak
rCorr    .         Rampage  .   C - +1 pair of gloves
MR       .....                  G - +1 pair of boots
Stlth    ..........             d - amulet of regeneration
HPRegen  0.66/turn              h - ring of stealth
MPRegen  0.15/turn              E - ring of poison resistance

@: repel missiles
A: no striking features
a: Upheaval, Elemental Force, Renounce Religion


You were on level 11 of the Dungeon.
You worshipped Qazlal.
Qazlal was greatly pleased with you.
You visited 2 branches of the dungeon, and saw 12 of its levels.

You collected 463 gold pieces.
You spent 195 gold pieces at shops.

Inventory:

Hand Weapons
 p - a +2 whip of electrocution
 F - a +1 broad axe (weapon)
Missiles
 r - 146 bolts
Armour
 a - a +0 chain mail (worn)
 u - a +1 cloak (worn)
 C - a +1 pair of gloves (worn)
 G - a +1 pair of boots (worn)
Jewellery
 b - an uncursed amulet of guardian spirit
 d - an amulet of regeneration (around neck)
 f - an uncursed amulet of the acrobat
 h - a ring of stealth (left hand)
 E - a ring of poison resistance (right hand)
Wands
 e - a wand of acid (10)
 n - a wand of random effects (1)
 v - a wand of digging (2)
 D - a wand of polymorph (8)
Scrolls
 c - 3 scrolls of teleportation
 j - 10 scrolls of remove curse
 o - 5 scrolls of amnesia
 q - 3 scrolls of fog
 y - 5 scrolls of identify
Potions
 g - a potion of magic
 i - 3 potions of mutation
 k - 2 potions of cancellation
 l - a potion of degeneration {unknown}
 m - 3 potions of invisibility
 s - a potion of stabbing
 t - a potion of heal wounds
 w - 2 potions of flight
 x - 3 potions of haste
 z - 4 potions of curing
 A - a potion of ambrosia
 B - 3 potions of brilliance


   Skills:
 + Level 9.1 Fighting
 + Level 13.9 Axes
 + Level 8.4 Armour
 * Level 5.6 Dodging
 - Level 2.3 Stealth
 + Level 7.5 Invocations
 + Level 1.2 Evocations


You had 10 spell levels left.
You didn't know any spells.
Your spell library contained the following spells:

 Spells                   Type           Power        Failure   Level
 Animate Skeleton         Necr           #.....       98%         1
 Apportation              Tloc           #.....       98%         1
 Corona                   Hex            #......      98%         1
 Foxfire                  Conj/Fire      #...         98%         1
 Summon Small Mammal      Summ           #...         98%         1
 Conjure Flame            Conj/Fire      #.......     100%        3
 Inner Flame              Hex/Fire       #.......     100%        3
 Sticky Flame             Conj/Fire      #.......     100%        4
 Fireball                 Conj/Fire      #.........   100%        5


Dungeon Overview and Level Annotations

Branches:
Dungeon (11/15)            Temple (1/1) D:5            Lair (0/6) D:11
    Orc: D:9-12

Altars:
Ashenzari
Cheibriados
Dithmenos
Elyvilon
Fedhas
Gozag
Hepliaklqana
Kikubaaqudgha
Makhleb
Nemelex Xobeh
Okawaru
Qazlal
Ru
Sif Muna
Uskayaw
Vehumet
Wu Jian
Xom
Zin
The Shining One

Shops:
D:4 *   D:6 =   D:7 *   D:8 *   D:10 ?

Annotations:
D:3 2 runed translucent doors, Copingsaw's ghost, amateur BaFi
D:5 5 runed translucent doors
D:8 1 runed translucent door, 2 transporters, bronco's ghost, novice HuFi


Message History

The white ugly thing claws you! The white ugly thing freezes you!
You slash the white ugly thing!
The white ugly thing is heavily wounded.
You block the white ugly thing's attack.
You hit the white ugly thing.
The white ugly thing is heavily wounded.
The white ugly thing claws you! The white ugly thing freezes you!!
Unknown command.
You barely miss the white ugly thing.
The white ugly thing is heavily wounded.
The white ugly thing claws you. The white ugly thing freezes you!
Unknown command.
Okay, then.
The white ugly thing claws you. The white ugly thing freezes you!!
* * * LOW HITPOINT WARNING * * *
Unknown command.
The white ugly thing claws you!
* * * LOW HITPOINT WARNING * * *
The white ugly thing freezes you!!
You die...

######### ##########
#........
###........#####........
..#...........##........
#.#........##..'........
#.#....○...#####........
#.#..§○....# #........
#.#...○@...# #........
#.....u....# #...)....
###..§☼§...# #))).....
#........# ##(######
##.####### #((.### #.###
###(..# #...# ######.##
###.# #........# #.#
#........#


You could see a white ugly thing.

Vanquished Creatures
  A two-headed ogre (D:7)
  A kobold demonologist (D:11)
  2 trolls
  9 yaks
  A vampire (D:9)
  A wyvern (D:10)
  2 water moccasins
  4 orc warriors
  4 sky beasts
  A phantom (D:5)
  4 black bears
  2 ice beasts (D:6)
  3 centaurs
  6 ogres
  18 big kobolds (D:11)
  2 bullfrogs
  4 scorpions
  5 killer bees
  2 howler monkeys
  7 jellies
  A quasit (D:10)
  An orc priest (D:8)
  5 hounds
  A bullfrog skeleton (D:4)
  6 orc wizards
  2 centaur skeletons
  A gnoll shaman (D:9)
  An iguana (D:8)
  Terence (D:1)
  6 worker ants
  2 hound skeletons
  16 gnolls
  16 adders
  A white imp (D:6)
  2 ufetubi
  9 oozes
  2 adder zombies
  3 adder skeletons
  4 worms
  3 dart slugs
  5 leopard geckos
  33 orcs
  16 bats
  3 giant cockroaches
  6 goblins
  8 hobgoblins
  5 quokkas
  4 ball pythons
  12 frilled lizards
  20 kobolds
  A quokka zombie (D:5)
  4 rats
279 creatures vanquished.

Vanquished Creatures (others)
  5 fungi (D:4)
  6 plants (D:3)
  9 toadstools (D:4)
20 creatures vanquished.

Grand Total: 299 creatures vanquished

Notes
Turn   | Place    | Note
-------+----------+-------------------------------------------
     0 | D:1      | marklar909 the Hill Orc Monk began the quest for the Orb.
     0 | D:1      | Reached XP level 1. HP: 19/19 MP: 1/1
   512 | D:1      | Reached XP level 2. HP: 27/27 MP: 2/2
  1185 | D:1      | Reached XP level 3. HP: 33/33 MP: 3/3
  1566 | D:1      | Reached skill level 1 in Armour
  1621 | D:2      | Noticed Terence
  1641 | D:1      | Killed Terence
  1641 | D:1      | Reached skill level 5 in Axes
  1641 | D:1      | Reached XP level 4. HP: 34/40 MP: 4/4
  2337 | D:1      | Reached XP level 5. HP: 24/46 MP: 5/5
  2449 | D:2      | Found a hazy altar of Hepliaklqana.
  2836 | D:3      | Found a large runed translucent door.
  2880 | D:3      | Found a shimmering altar of Xom.
  2893 | D:3      | Reached skill level 6 in Axes
  3122 | D:2      | Reached XP level 6. HP: 10/53 MP: 6/6
  3724 | D:3      | Found a large runed translucent door.
  3727 | D:3      | Noticed Copingsaw's ghost (amateur BaFi)
  4106 | D:4      | Found a glowing silver altar of Zin.
  4178 | D:4      | Reached skill level 7 in Axes
  4366 | D:4      | Reached XP level 7. HP: 59/60 MP: 7/7
  4373 | D:4      | Reached skill level 5 in Fighting
  4760 | D:4      | Found Cyomall's Serpentskin Sales.
  5346 | D:5      | Entered Level 5 of the Dungeon
  5379 | D:5      | Found a shimmering blue altar of Sif Muna.
  5381 | D:5      | Found a white marble altar of Elyvilon.
  5383 | D:5      | Found a glowing golden altar of the Shining One.
  5403 | D:5      | Reached skill level 8 in Axes
  5483 | D:5      | Reached XP level 8. HP: 67/69 MP: 8/8
  5518 | D:5      | Found a staircase to the Ecumenical Temple.
  5535 | Temple   | Entered the Ecumenical Temple
  5548 | Temple   | Became a worshipper of Qazlal Stormbringer
  5548 | Temple   | Reached * piety under Qazlal
  5548 | Temple   | Reached ** piety under Qazlal
  5559 | D:5      | Found a runed translucent door.
  5564 | D:5      | Found a runed translucent gate.
  5564 | D:5      | Found a runed translucent gate.
  5575 | D:5      | Found a runed translucent gate.
  5583 | D:5      | Found a runed translucent door.
  5593 | D:5      | Found the +9 staff of Olgreb {rPois∞}
  5672 | D:5      | Reached skill level 9 in Axes
  6269 | D:6      | Found a radiant altar of Vehumet.
  6298 | D:6      | Reached skill level 1 in Invocations
  6308 | D:6      | Found Qunyidism's Jewellery Shop.
  6371 | D:6      | Found a broken altar of Ashenzari.
  6723 | D:5      | Reached skill level 5 in Armour
  6729 | D:6      | Found a sacrificial altar of Ru.
  6797 | D:6      | Reached XP level 9. HP: 68/75 MP: 11/11
  6847 | D:6      | Reached skill level 10 in Axes
  6887 | D:6      | Found an ornate altar of the Wu Jian Council.
  6917 | D:6      | Found an opulent altar of Gozag.
  7043 | D:7      | Found Boss's General Store.
  7920 | D:7      | Found a sparkling altar of Nemelex Xobeh.
  8001 | D:7      | Reached skill level 11 in Axes
  8418 | D:8      | Reached *** piety under Qazlal
  8421 | D:8      | Noticed a two-headed ogre
  8823 | D:8      | HP: 3/79 [killer bee (6)]
  9069 | D:8      | Reached XP level 10. HP: 86/86 MP: 13/13
  9149 | D:8      | Found Licofemm's Assorted Antiques.
  9333 | D:8      | Reached skill level 5 in Dodging
  9333 | D:8      | Reached skill level 5 in Invocations
  9371 | D:8      | Bought a potion of curing for 87 gold pieces
  9371 | D:8      | Bought a pink potion for 26 gold pieces
  9523 | D:8      | Found a runed translucent door.
  9523 | D:8      | Noticed a wolf spider
  9523 | D:8      | Noticed a fire crab
  9523 | D:8      | Noticed a centaur warrior
  9524 | D:8      | Identified the +2 war axe of Yeast {vamp, *Rage Int+4}
  9524 | D:8      | Noticed a yaktaur captain
  9525 | D:8      | Identified the +5 hand axe of Impatience {protect, +Inv
                  | +Fly Int-4 Dex+4}
  9525 | D:8      | Noticed a centaur warrior
  9525 | D:8      | Noticed a yaktaur captain
  9572 | D:8      | Found a transporter.
  9610 | D:8      | Found a transporter.
  9634 | D:8      | Noticed bronco's ghost (novice HuFi)
  9900 | D:7      | Killed a two-headed ogre
 10206 | D:8      | Reached skill level 12 in Axes
 10307 | D:9      | Found an iron altar of Okawaru.
 10310 | D:9      | Reached skill level 1 in Evocations
 11087 | D:10     | Entered Level 10 of the Dungeon
 11154 | D:10     | Found a shimmering blue altar of Sif Muna.
 11342 | D:10     | Reached skill level 13 in Axes
 11485 | D:10     | Reached XP level 11. HP: 74/95 MP: 16/16
 11641 | D:10     | Found Haheoti's Magic Scroll Emporium.
 11647 | D:10     | Bought a scroll of enchant armour for 82 gold pieces
 12014 | D:11     | Found a staircase to the Lair.
 12097 | D:11     | Reached **** piety under Qazlal
 12134 | D:11     | Noticed a white ugly thing
 12149 | D:11     | HP: 3/97 [white ugly thing (8)]
 12149 | D:11     | Annihilated by a white ugly thing

Illustrated notes

Levels and vault maps discovered:
D:1:      heliophobic_arrival_ceremonial_halls, layout_basic
D:2:      layout_rooms, lemuel_coloured_pillars_altar, uniq_terence
D:3:      layout_basic, overflow_temple_1_default, ebering_ghost_disaster_area,
          minmay_lizard_king
D:4:      cheibrodos_fertilizer, layout_basic, lemuel_crystal_altar,
          grunt_ministairs_12, guppyfry_shop_venom
D:5:      layout_gridville, grunt_temple_overflow_open,
          minmay_temple_entry_statues_pillars,
          minmay_guarded_unrand_staff_of_olgreb
D:6:      layout_basic, nicolae_overflow_crystal_walls, lemuel_round_altar,
          kennysheep_little_box, kennysheep_mini_moat, serial_shops, shop,
          cheibrodos_ashenzari_chains
D:7:      layout_basic, lemuel_crystal_altar, serial_shops, shop,
          grunt_decor_arrowhead
D:8:      minmay_gate_of_8, layout_cave_pools, serial_shops, shop,
          gammafunk_ghost_hive, minmay_misc_feat_alley, kennysheep_potato
D:9:      layout_loops_ring, okawaru_trees_2
D:10:     layout_irregular_city, serial_shops, shop, basic_altar
D:11:     layout_roguey [special_room_kobold], lair_entry_dummy,
          nicolae_underground_beach, uniq_harold, uniq_gastronok, uniq_erolcha
Temple:   eino_temple_lava

Skill      XL: |  1  2  3  4  5  6  7  8  9 10 11 |
---------------+----------------------------------+-----
Fighting       | 4 5 6 7 8 9 |  9.1
Armour         | 1 2 4 5 6 8 |  8.4
Axes           | 5 6 7 8 9 11 13 | 13.9
Dodging        | 3 4 5 |  5.6
Stealth        | 2 |  2.3
Invocations    | 2 4 7 |  7.5
Evocations     | 1 |  1.2

Action                   |  1- 3 |  4- 6 |  7- 9 | 10-12 || total
-------------------------+-------+-------+-------+-------++-------
Melee: Hand axe          |   105 |   293 |   586 |    96 ||  1080
       Broad axe         |       |       |       |   232 ||   232
Invok: Upheaval          |       |       |     2 |     4 ||     6
Evoke: Wand              |       |    14 |     2 |     6 ||    22
  Use: Scroll            |     1 |     8 |     9 |     6 ||    24
       Potion            |       |       |     2 |       ||     2
 Stab: Sleeping          |     1 |     1 |     3 |       ||     5
       Confused          |       |     1 |       |     5 ||     6
Armor: Ring mail         |    56 |   110 |   206 |    20 ||   392
       Chain mail        |       |       |       |   123 ||   123
Dodge: Dodged            |    97 |   222 |   346 |   177 ||   842
Block: Other             |       |       |    44 |    63 ||   107

Table legend: (Time is in decaauts)
 A = Elapsed time spent in this place.
 B = Non-inter-level travel time spent in this place.
 C = Inter-level travel time spent in this place.
 D = Time resting spent in this place.
 E = Time spent auto-exploring this place.
 F = Levels seen in this place.
 G = Mean time per level.
                   A        B        C        D        E       F      G
               +--------+--------+--------+--------+--------+-----+--------+
         Total |  12041 |  11039 |   1002 |   2919 |   5157 |  12 | 1003.4 |
       Dungeon |  12020 |  11025 |    995 |   2919 |   5157 |  11 | 1092.7 |
        Temple |     20 |     13 |      7 |      0 |      0 |   1 |   20.0 |
               +--------+--------+--------+--------+--------+-----+--------+

Top non-repeatable levels by time:
     D:1: 2192 daAuts
     D:7: 1804 daAuts
     D:3: 1196 daAuts
     D:8: 1160 daAuts
     D:4: 1064 daAuts
     D:9: 1037 daAuts
     D:2: 976 daAuts
     D:5: 953 daAuts
    D:10: 839 daAuts
     D:6: 667 daAuts
    D:11: 128 daAuts
  Temple: 20 daAuts
